 Dungeon Crawl Stone Soup version 0.28.0-53-g5a82cb258f (webtiles) character file.

Game seed: 2579187932459204900

11 Zeld the Ruffian (level 2, 0/23 HPs)
             Began as a Draconian Transmuter on June 4, 2022.
             Succumbed to an adder's poison
             ... on level 2 of the Dungeon.
             The game lasted 00:00:46 (380 turns).

Zeld the Ruffian (Draconian Transmuter)              Turns: 380, Time: 00:00:47

Health: 0/23       AC:  4    Str: 12    XL:     2   Next: 13%
Magic:  5/5        EV: 12    Int: 13    God:
Gold:   15         SH:  0    Dex: 11    Spells: 2/5 levels left

rFire   . . .      SeeInvis .     - Unarmed
rCold   . . .      Faith    .   (no shield)
rNeg    . . .      Spirit   .   (armour unavailable)
rPois   .          Reflect  .   (helmet currently unavailable)
rElec   .          Harm     .   (no cloak)
rCorr   .          Rampage  .   (no gloves)
Will    .....                   (boots currently unavailable)
Stlth   +.........              (no amulet)
HPRegen 0.07/turn               (no ring)
MPRegen 0.09/turn               (no ring)

@: lethally poisoned (0 -> -6), appendages (expiring)
A: horns 2, talons 2, AC +4, unfitting armour, cold-blooded
a: End Transformation


You were on level 2 of the Dungeon.
You had temporarily grown beastly horns and talons.
You visited 1 branch of the dungeon, and saw 2 of its levels.

You collected 15 gold pieces.

Inventory:

Scrolls
 a - a scroll of brand weapon {unknown}
Potions
 b - 2 potions of curing {unknown}
 c - 2 potions of mutation {unknown}
 d - a potion of might {unknown}


   Skills:
 + Level 1.2 Fighting
 - Level 1.7 Dodging
 - Level 3.0 Unarmed Combat
 + Level 2.1 Spellcasting
 + Level 2.1 Transmutations
 * Level 0.8 Ice Magic
 * Level 0.8 Poison Magic


You had 2 spell levels left.
You knew the following spells:

 Your Spells              Type           Power      Damage    Failure   Level
a - Beastly Appendage     Tmut           12%        N/A       11%         1
b - Wereblood             Tmut           6%         N/A       16%         2

Your spell library contained the following spells:

 Spells                   Type           Power      Damage    Failure   Level
 Spider Form              Tmut/Pois      5%         N/A       38%         3
 Ice Form                 Ice/Tmut       5%         N/A       80%         4


Dungeon Overview and Level Annotations

Branches:
Dungeon (2/15)

Altars:


Innate Abilities, Weirdness & Mutations

You have temporarily grown beastly horns and talons.
Your plain brown scales are hard. (AC +4)
You cannot fit into any form of body armour.
You are cold-blooded and may be slowed by cold attacks.


Message History

The hobgoblin barely misses you.
You hit the hobgoblin.
Your tail-slap misses the hobgoblin.
The hobgoblin is severely wounded.
The adder barely misses you. The hobgoblin misses you.
The adder bites you but does no damage.
You hit the hobgoblin.
You kill the hobgoblin!
The adder bites you.
You are poisoned.
The adder poisons you!
You feel sick.
You feel sick.
You barely miss the adder.
You feel sick. The adder bites you but does no damage. The adder bites you.
You are more poisoned.
The adder poisons you!
You barely miss the adder. Your kick misses the adder.
Your tail-slap misses the adder.
Your transformation is almost over.
You feel sick. The adder bites you.
You are lethally poisoned!
The adder poisons you!
You are too injured to fight recklessly!
You closely miss the adder.
You feel very sick. The adder bites you.
* * * LOW HITPOINT WARNING * * *
You barely miss the adder.
* * * LOW HITPOINT WARNING * * *
You feel sick. The adder closely misses you. The adder bites you.
* * * LOW HITPOINT WARNING * * *
Unknown command.
Okay, then.
You hit the adder. Your headbutt misses the adder.
The adder is moderately wounded.
* * * LOW HITPOINT WARNING * * *
You feel sick. The adder barely misses you.
You barely miss the adder.
Your tail-slap misses the adder.
The adder is moderately wounded.
You die...

# #........#
############....#
..........##....#
##.........#.#.##
#.#####>.......#
#.#.........#..##
#.#.###.#..##...#
#.# #.#...#.#.#
..# #.#####.#@#
### #.......#S##
#.# #......# #.#
#....$.#
...........
###.......##
.........#
.....#....#
.....#.....


You could see an adder.

Vanquished Creatures
  A dart slug (D:1)
  An endoplasm (D:2)
  A hobgoblin (D:2)
  3 jackals (D:1)
  A bat (D:1)
  A rat (D:1)
8 creatures vanquished.

Notes
Turn   | Place    | Note
-------+----------+-------------------------------------------
     0 | D:1      | Zeld the Draconian Transmuter began the quest for the Orb.
     0 | D:1      | Reached XP level 1. HP: 16/16 MP: 3/3
    28 | D:1      | Found a faded altar of an unknown god.
   242 | D:1      | Reached XP level 2. HP: 18/23 MP: 5/5
   262 | D:1      | Learned a level 2 spell: Wereblood
   379 | D:2      | HP: 1/23 [poisoned by an adder]
   380 | D:2      | Succumbed to an adder's poison

Illustrated notes

Levels and vault maps discovered:
D:1:      amcnicky_arrival_underground_garden, layout_loops_ring, serial_forest,
          infiniplex_forest_clump_large, infiniplex_forest_join,
          infiniplex_forest_straight_4, infiniplex_forest_corner_1,
          hellmonk_ecumenical_altar_blasted
D:2:      layout_basic, serial_shops, shop

Action                   || total
-------------------------++-------
Melee: Unarmed           ||    31
       Kick              ||     3
       Headbutt          ||     3
       Tailslap          ||     1
       Punch             ||     1
 Cast: Beastly Appendage ||     9
Armor: Skin              ||     9
Dodge: Dodged            ||    25
